[Event "Team 45 45 League T95"]
[Site "Internet Chess Club"]
[Date "2023.02.13"]
[Round "5"]
[White "hipopotamos"]
[Black "cyborg86"]
[Result "0-1"]
[WhiteElo "1772"]
[BlackElo "2270"]
[Opening "Sicilian: Najdorf"]
[ECO "B90"]
[Time "17:58:00"]
[PlyCount "110"]
[TimeControl "2700+45"]

1. e4 c5 2. Nc3 a6 3. Nf3 d6 4. d4 cxd4 5. Nxd4 Nf6 6. Bd3 e5 7. Nde2 b5 8. a3
Be7 9. O-O O-O 10. f4 Nbd7 11. b4 Bb7 12. Ng3 Rc8 13. Bb2 Nb6 14. fxe5 dxe5 15.
Nce2 Qc7 16. Rf5 Nfd7 17. Qd2 Na4 18. Rb1 Rfe8 19. Ba1 g6 20. Rf2 Qd8 21. Rbf1
Bg5 22. Qd1 Be3 23. c4 Nf6 24. Nc3 Nxc3 25. Bxc3 bxc4 26. Be2 Qxd1 27. Rxd1 Nxe4
28. Nxe4 Bxe4 29. Rd6 Re6 30. Rxe6 fxe6 31. Kf1 Bxf2 32. Kxf2 Bd3 33. Bxe5 Bxe2
34. Kxe2 c3 35. Kd1 c2+ 36. Kc1 Kf7 37. a4 Rc4 38. Bd6 Rc6 39. Be5 Ke7 40. h3
Rc4 41. b5 axb5 42. axb5 Rc5 43. Bb2 Rxb5 44. Kxc2 e5 45. Bc3 Ke6 46. Kd3 Kd5
47. Bd2 e4+ 48. Ke3 Rb3+ 49. Kf4 Kd4 50. h4 e3 51. Be1 Rb1 52. Ba5 e2 53. g4 Ra1
54. Bd2 Kd3 55. Bb4 Ra4 {White resigns} 0-1

[Event "Team 45 45 League T95"]
[Site "Internet Chess Club"]
[Date "2023.02.14"]
[Round "5"]
[White "julesraider"]
[Black "KidRattler"]
[Result "0-1"]
[WhiteElo "1597"]
[BlackElo "1699"]
[Opening "Queen's Indian: old main line, 7.Nc3"]
[ECO "E18"]
[Time "18:31:10"]
[PlyCount "86"]
[TimeControl "2700+45"]

1. d4 Nf6 2. c4 e6 3. Nc3 Be7 4. Nf3 b6 5. g3 Bb7 6. Bg2 O-O 7. O-O d5 8. b3
Nbd7 9. Bb2 Re8 10. Re1 a6 11. Rc1 Nf8 12. Ne5 Ng6 13. cxd5 exd5 14. Nxg6 hxg6
15. a3 c5 16. e3 Qd7 17. Na4 Qc7 18. Qc2 Rac8 19. Bh3 Rcd8 20. dxc5 b5 21. Nb6
Ne4 22. b4 f5 23. Bd4 Bf8 24. Qe2 Bc6 25. Kh1 Qf7 26. f3 Ng5 27. Bg2 Ne6 28. Qd3
g5 29. Rf1 g6 30. Rce1 f4 31. exf4 gxf4 32. g4 Nxd4 33. Qxd4 Rxe1 34. Rxe1 Bg7
35. Qd3 d4 36. Bf1 Re8 37. Re2 Re3 38. Rxe3 fxe3 39. Bg2 Bxf3 40. Bxf3 Qxf3+ 41.
Kg1 Qf2+ 42. Kh1 Qe1+ 43. Kg2 Qd2+ {White resigns} 0-1

[Event "Team 45 45 League T95"]
[Site "Internet Chess Club"]
[Date "2023.02.11"]
[Round "5"]
[White "qs16"]
[Black "jfkingiii"]
[Result "1-0"]
[WhiteElo "1586"]
[BlackElo "1495"]
[Opening "Queen's pawn game"]
[ECO "D00"]
[Time "09:00:39"]
[PlyCount "105"]
[TimeControl "2700+45"]

1. d4 d5 2. Nd2 Nf6 3. e3 Bf5 4. Bd3 Bxd3 5. cxd3 e6 6. f4 c5 7. dxc5 Bxc5 8. d4
Bd6 9. Ngf3 O-O 10. O-O Nc6 11. a3 a5 12. Ne5 Qc7 13. b3 Rfc8 14. Bb2 Bxe5 15.
fxe5 Nd7 16. Qh5 Nf8 17. Rac1 Ng6 18. Nf3 h6 19. Nh4 Nxh4 20. Qxh4 Qe7 21. Qg3
Qg5 22. Qf2 Rf8 23. Qd2 f6 24. exf6 Rxf6 25. Rxf6 Qxf6 26. Rf1 Qe7 27. Qd3 Rf8
28. e4 Rxf1+ 29. Kxf1 Qf6+ 30. Kg1 Qh4 31. g3 Qxe4 32. Qxe4 dxe4 33. Kf2 Kf7 34.
Ke3 g5 35. Kxe4 Ke7 36. d5 exd5+ 37. Kxd5 Kd7 38. Bf6 g4 39. Ke4 Ke6 40. Bg7 h5
41. Kf4 Kf7 42. Bc3 Kg6 43. Bb2 b5 44. Bc3 a4 45. b4 Nd8 46. Ke4 Nc6 47. Kd5
Ne7+ 48. Kc5 Nf5 49. Kxb5 Ne3 50. Kxa4 Nf1 51. b5 Nxh2 52. b6 h4 53. b7 {Black
resigns} 1-0

[Event "Team 45 45 League T95"]
[Site "Internet Chess Club"]
[Date "2023.02.12"]
[Round "5"]
[White "jjmolina1"]
[Black "Lawkeito"]
[Result "0-1"]
[WhiteElo "1519"]
[BlackElo "1704"]
[Opening "Nimzo-Indian: 4.e3 O-O"]
[ECO "E46"]
[Time "11:02:59"]
[PlyCount "98"]
[TimeControl "2700+45"]

1. d4 Nf6 2. c4 e6 3. Nc3 Bb4 4. e3 O-O 5. Qc2 c5 6. Nf3 d5 7. a3 cxd4 8. axb4
dxc3 9. bxc3 b6 10. cxd5 Nxd5 11. e4 Ne7 12. Bf4 Bb7 13. Rd1 Qc8 14. Bd3 Rd8 15.
Bg5 f6 16. Bh4 e5 17. O-O a5 18. Bc4+ Kh8 19. Rxd8+ Qxd8 20. Rd1 Qc7 21. Nd2
axb4 22. cxb4 b5 23. Bd3 Qxc2 24. Bxc2 Nbc6 25. Bd3 Nd4 26. f3 Nec6 27. Rb1 Ra4
28. Nb3 Rxb4 29. Nc5 Rxb1+ 30. Bxb1 Bc8 31. Kf2 Kg8 32. Ke3 Kf7 33. Be1 Ke7 34.
Bd2 b4 35. Kd3 Nb5 36. Ba2 Kd6 37. Nb3 Be6 38. Nc1 Bxa2 39. Nxa2 Kc5 40. Nc1
Nbd4 41. Na2 Kb5 42. Bc1 Ka4 43. Bd2 Kb3 44. Nc1+ Ka3 45. Ne2 Nxe2 46. Kxe2 b3
47. Bc3 b2 48. Bxb2+ Kxb2 49. Kd3 Kb3 {White resigns} 0-1

[Event "Team 45 45 League T95"]
[Site "Internet Chess Club"]
[Date "2023.02.13"]
[Round "5"]
[White "VictorRed"]
[Black "Goli"]
[Result "1-0"]
[WhiteElo "1649"]
[BlackElo "1790"]
[Opening "Benkö gambit"]
[ECO "A57"]
[Time "15:40:25"]
[PlyCount "145"]
[TimeControl "2700+45"]

1. c4 Nf6 2. d4 c5 3. d5 b5 4. e3 bxc4 5. Bxc4 d6 6. Nc3 g6 7. h3 Bg7 8. e4 O-O
9. f4 Ba6 10. Bxa6 Nxa6 11. Qe2 Nc7 12. Nf3 e6 13. dxe6 fxe6 14. O-O Nh5 15. Kh2
Nxf4 16. Bxf4 Rxf4 17. Rad1 Rb8 18. Qe3 Rf8 19. b3 Qe7 20. Rf2 Rf7 21. Rfd2 Rbf8
22. Ne2 Nb5 23. a4 Nc7 24. Kh1 Ne8 25. Qd3 g5 26. Ng3 Bh6 27. Re2 Bg7 28. Qd2 h6
29. Nh5 Bh8 30. Qd3 Rh7 31. g4 Qf7 32. Kg2 Qg6 33. Qc4 Rhf7 34. Rd3 Bd4 35. Nxd4
cxd4 36. Qxd4 Rf1 37. Rdd2 e5 38. Qc4+ Qf7 39. Qxf7+ R8xf7 40. Ng3 R1f3 41. Nf5
R7xf5 42. gxf5 Rxb3 43. Rb2 Ra3 44. Rb4 Nf6 45. Rb8+ Kf7 46. Rb7+ Ke8 47. Rxa7
Nh5 48. Rb2 Nf4+ 49. Kh2 Rxh3+ 50. Kg1 Rg3+ 51. Kf1 Rf3+ 52. Rf2 Ra3 53. Rc2
Rf3+ 54. Ke1 Re3+ 55. Kd2 Re2+ 56. Kd1 Rxc2 57. Kxc2 d5 58. exd5 Nxd5 59. Kd3 g4
60. Ke4 Nc3+ 61. Kxe5 g3 62. a5 Kf8 63. f6 h5 64. Ke6 Kg8 65. Rg7+ Kf8 66. Rxg3
Ne4 67. Ra3 h4 68. a6 Nc5+ 69. Kf5 Kf7 70. a7 Nb7 71. a8=Q Nd6+ 72. Kg4 Kxf6 73.
Ra6 {Black resigns} 1-0

[Event "Team 45 45 League T95"]
[Site "Internet Chess Club"]
[Date "2023.02.11"]
[Round "5"]
[White "cysk"]
[Black "walkover"]
[Result "1/2-1/2"]
[WhiteElo "1684"]
[BlackElo "1699"]
[Opening "Sicilian: Grand Prix attack, Schofman variation"]
[ECO "B23"]
[Time "14:01:36"]
[PlyCount "43"]
[TimeControl "2700+45"]

1. e4 c5 2. Nc3 Nc6 3. f4 g6 4. Nf3 Bg7 5. Bc4 e6 6. f5 Nge7 7. fxe6 dxe6 8. d3
O-O 9. O-O Na5 10. Bb3 Nec6 11. Be3 Nd4 12. Qd2 Naxb3 13. axb3 f6 14. Na4 b6 15.
b4 Rb8 16. bxc5 e5 17. cxb6 axb6 18. Nxd4 exd4 19. Bf4 Rb7 20. c3 Rd7 21. cxd4
Rxd4 22. Rf3 {Game drawn by mutual agreement} 1/2-1/2

[Event "Team 45 45 League T95"]
[Site "Internet Chess Club"]
[Date "2023.02.12"]
[Round "5"]
[White "kabindra"]
[Black "fhunfi"]
[Result "0-1"]
[WhiteElo "1734"]
[BlackElo "1737"]
[Opening "French: advance, Paulsen attack"]
[ECO "C02"]
[Time "18:03:52"]
[PlyCount "53"]
[TimeControl "2700+45"]

1. e4 e6 2. d4 d5 3. e5 c5 4. c3 Nc6 5. Nf3 Nge7 6. Bd3 Nf5 7. Bxf5 exf5 8. O-O
b6 9. Re1 Be7 10. Qa4 Bd7 11. dxc5 bxc5 12. e6 fxe6 13. Qf4 O-O 14. h4 Qb8 15.
Qe3 Bd6 16. Ng5 e5 17. Qf3 e4 18. Qd1 Ne7 19. g3 f4 20. Kg2 fxg3 21. fxg3 Bxg3
22. Rf1 Qe5 23. Be3 Rxf1 24. Qxf1 Rf8 25. Qe2 Nf5 26. Bxc5 Nxh4+ 27. Kh1 {White
resigns} 0-1

[Event "Team 45 45 League T95"]
[Site "Internet Chess Club"]
[Date "2023.02.13"]
[Round "5"]
[White "ChessMaine"]
[Black "mongmong"]
[Result "1-0"]
[WhiteElo "1473"]
[BlackElo "1421"]
[Opening "Queen's pawn"]
[ECO "A40"]
[Time "19:04:53"]
[PlyCount "125"]
[TimeControl "2700+45"]

1. d4 e6 2. e3 Nf6 3. Bd3 d5 4. Nd2 Bd6 5. f4 Nbd7 6. Ngf3 c5 7. c3 cxd4 8. cxd4
Nb8 9. O-O O-O 10. Ne5 b6 11. Qe2 a5 12. b3 Ba6 13. Bb2 Bxd3 14. Qxd3 Nfd7 15.
Rac1 f6 16. Nc6 Nxc6 17. Rxc6 Nb8 18. Rc2 Qd7 19. Rfc1 Na6 20. a3 Nc7 21. g3
Rfc8 22. e4 Ne8 23. e5 Rxc2 24. Qxc2 fxe5 25. fxe5 Bc7 26. Qc6 Qxc6 27. Rxc6 Kf7
28. Nf3 h6 29. Ne1 Ke7 30. Nd3 Kd7 31. Rc2 Rc8 32. Nf4 g5 33. Nh5 Bb8 34. Rxc8
Kxc8 35. a4 Kd7 36. Ba3 Bc7 37. Nf6+ Nxf6 38. exf6 Ke8 39. Be7 e5 40. dxe5 Bxe5
41. Kf1 Kf7 42. Bd8 Bd4 43. h3 h5 44. g4 hxg4 45. hxg4 Bc3 46. Ke2 Bxf6 47. Bxb6
Bc3 48. Kd3 Bb4 49. Kd4 Ke6 50. Bd8 Bd2 51. Kd3 Bb4 52. Bxg5 Ke5 53. Bd8 d4 54.
g5 Bc3 55. Bf6+ Kf5 56. Bxd4 Bb4 57. Bf6 Be1 58. Bd8 Bb4 59. Kc4 Bd2 60. Kb5 Kg6
61. Bxa5 Bxg5 62. Bb6 Kf7 63. a5 {Black resigns} 1-0

[Event "Team 45 45 League T95"]
[Site "Internet Chess Club"]
[Date "2023.02.12"]
[Round "5"]
[White "janh"]
[Black "laurenpar"]
[Result "1-0"]
[WhiteElo "1959"]
[BlackElo "1905"]
[Opening "English: Anglo-Dutch defense"]
[ECO "A10"]
[Time "09:21:23"]
[PlyCount "39"]
[TimeControl "2700+45"]

1. c4 f5 2. Nc3 Nf6 3. g3 d6 4. Bg2 e5 5. e3 Be7 6. Nge2 O-O 7. b3 c6 8. Bb2 Be6
9. d4 Nbd7 10. d5 cxd5 11. Nxd5 Nc5 12. O-O Nxd5 13. Bxd5 Qd7 14. Nc3 f4 15.
exf4 exf4 16. b4 Na6 17. Qg4 Rf6 18. Rae1 Nc7 19. Rxe6 Rxe6 20. Nb5 {Black
resigns} 1-0

[Event "Team 45 45 League T95"]
[Site "Internet Chess Club"]
[Date "2023.02.14"]
[Round "5"]
[White "martineden"]
[Black "BuddyT"]
[Result "0-1"]
[WhiteElo "1805"]
[BlackElo "1733"]
[Opening "Nimzo-Indian: 4.e3 e8g8, 5.Nf3 d7d5"]
[ECO "E51"]
[Time "10:01:23"]
[PlyCount "54"]
[TimeControl "2700+45"]

1. d4 Nf6 2. Nf3 d5 3. c4 e6 4. Nc3 Bb4 5. e3 O-O 6. Bd2 b6 7. cxd5 exd5 8. Be2
Bb7 9. Rc1 Nbd7 10. O-O Be7 11. Qb3 c5 12. dxc5 Nxc5 13. Qc2 Nfe4 14. Be1 Qd6
15. Nd4 Bg5 16. Nxe4 Nxe4 17. Qb3 Rac8 18. Bb4 Qf6 19. Nf3 Rxc1 20. Rxc1 Re8 21.
Rc7 Ba8 22. Rxa7 d4 23. Qa3 Bc6 24. Bc4 dxe3 25. Rxf7 exf2+ 26. Kf1 Bb5 27.
Rxf6+ Bxc4+ {White resigns} 0-1

[Event "Team 45 45 League T95"]
[Site "Internet Chess Club"]
[Date "2023.02.11"]
[Round "5"]
[White "LookImYourVader"]
[Black "primerpaso"]
[Result "1/2-1/2"]
[WhiteElo "1753"]
[BlackElo "1801"]
[Opening "Sicilian: Alapin's variation (2.c3)"]
[ECO "B22"]
[Time "14:31:09"]
[PlyCount "114"]
[TimeControl "2700+45"]

1. e4 c5 2. c3 d5 3. exd5 Qxd5 4. d4 Nf6 5. Nf3 Bg4 6. Be2 e6 7. h3 Bh5 8. Be3
cxd4 9. cxd4 Be7 10. Nc3 Qd8 11. Qb3 Qb6 12. Qxb6 axb6 13. Bb5+ Kf8 14. Ne5 Bb4
15. Bd2 Bxc3 16. Bxc3 Nd5 17. O-O Na6 18. a3 f6 19. Nd3 Ke7 20. Rfe1 Rhc8 21.
Rac1 Nxc3 22. bxc3 Kd6 23. c4 Bg6 24. c5+ bxc5 25. Bxa6 bxa6 26. Nxc5 Bf7 27.
Rb1 Ra7 28. Rb6+ Rc6 29. Rxc6+ Kxc6 30. f4 Kd5 31. Rd1 e5 32. fxe5 fxe5 33. Nb3
Kc4 34. Nd2+ Kc3 35. Ne4+ Kb2 36. dxe5 Kxa3 37. Nc5 Re7 38. e6 Be8 39. Kf2 a5
40. Rd7 Bxd7 41. exd7 Rf7+ 42. Ke2 Rf8 43. Ne6 Rb8 44. d8=Q Rxd8 45. Nxd8 a4 46.
Nc6 Kb2 47. Kd3 a3 48. Nb4 Kb3 49. Nc2 a2 50. h4 h5 51. g3 Kb2 52. Kd2 Kb3 53.
Kc1 Kc3 54. Na1 Kd3 55. Kb2 Ke4 56. Nc2 Kd3 57. Ne1+ Ke2 {Game drawn by mutual
agreement} 1/2-1/2

[Event "Team 45 45 League T95"]
[Site "Internet Chess Club"]
[Date "2023.02.10"]
[Round "5"]
[White "fishhead"]
[Black "julesraider"]
[Result "1-0"]
[WhiteElo "1736"]
[BlackElo "1609"]
[Opening "Caro-Kann: two knights, 3...Bg4"]
[ECO "B10"]
[Time "18:00:50"]
[PlyCount "93"]
[TimeControl "2700+45"]

1. e4 c6 2. Nf3 d5 3. Nc3 Bg4 4. h3 Bxf3 5. Qxf3 d4 6. Ne2 e5 7. g4 Be7 8. Ng3
Nf6 9. Bc4 Rf8 10. g5 Ng8 11. Nf5 Bxg5 12. Nxg7+ Ke7 13. Qf5 Kd6 14. Qxh7 Qf6
15. b3 Nh6 16. Ba3+ c5 17. Rg1 Nd7 18. Nf5+ Nxf5 19. Qxf5 Qxf5 20. exf5 f6 21.
Rg4 Rh8 22. Bf1 Rag8 23. Bg2 b5 24. Ke2 Nb6 25. Rg1 Nd5 26. Bxd5 Kxd5 27. h4 b4
28. Bb2 Rf8 29. hxg5 fxg5 30. Rxg5 Rf6 31. d3 Ra6 32. Ra1 Rh2 33. a3 e4 34. f6+
Ke6 35. dxe4 Kxf6 36. Rxc5 Rd6 37. e5+ Ke6 38. exd6 d3+ 39. cxd3 Rh4 40. axb4
Kxd6 41. Ra6+ Kd7 42. Rxa7+ Kd6 43. Ra6+ Kd7 44. Be5 Rxb4 45. Rc7+ Kd8 46. Ra8+
Rb8 47. Rxb8# {Black checkmated} 1-0

[Event "Team 45 45 League T95"]
[Site "Internet Chess Club"]
[Date "2023.02.14"]
[Round "5"]
[White "Tufnell"]
[Black "timcent"]
[Result "1-0"]
[WhiteElo "1946"]
[BlackElo "1863"]
[Opening "Sicilian: Richter-Rauzer, Rauzer attack, 7...a6 defense, 8...Bd7"]
[ECO "B67"]
[Time "07:00:35"]
[PlyCount "67"]
[TimeControl "2700+45"]

1. e4 c5 2. Nf3 Nc6 3. d4 cxd4 4. Nxd4 Nf6 5. Nc3 d6 6. Bg5 e6 7. Qd2 a6 8.
O-O-O Bd7 9. f3 h6 10. Be3 b5 11. Nxc6 Bxc6 12. Kb1 d5 13. e5 Nd7 14. f4 g6 15.
Ne2 Nc5 16. Nd4 Ne4 17. Qe1 Qc7 18. Bd3 Rc8 19. g4 Nc5 20. Qg3 Nxd3 21. cxd3 Qd7
22. Rc1 b4 23. f5 Bb7 24. Rxc8+ Bxc8 25. Rc1 Bb7 26. Qf2 Bg7 27. f6 Bf8 28. Qc2
h5 29. g5 a5 30. Qc7 Qxc7 31. Rxc7 Ba6 32. Kc2 h4 33. h3 Rh5 34. Ra7 {Black
resigns} 1-0

[Event "Team 45 45 League T95"]
[Site "Internet Chess Club"]
[Date "2023.02.13"]
[Round "5"]
[White "JACampbell"]
[Black "KidRattler"]
[Result "1-0"]
[WhiteElo "1581"]
[BlackElo "1687"]
[Opening "Scandinavian (center counter) defense"]
[ECO "B01"]
[Time "18:31:32"]
[PlyCount "103"]
[TimeControl "2700+45"]

1. e4 d5 2. exd5 Qxd5 3. Nc3 Qd8 4. d4 Nf6 5. Nf3 a6 6. Bf4 Bg4 7. h3 Bh5 8. g4
Bg6 9. Ne5 e6 10. Bg2 c6 11. h4 h5 12. g5 Ng8 13. Nxg6 fxg6 14. Bh3 Bd6 15. Bxd6
Qxd6 16. Qe2 Kf7 17. O-O-O Ne7 18. Ne4 Qf4+ 19. Kb1 Nd7 20. Bxe6+ Kxe6 21. Nc5+
Kf7 22. Qe6+ Kf8 23. Qxd7 Qf5 24. Qxb7 Kf7 25. Rhe1 Rae8 26. Re5 Qc8 27. Qb3+
Nd5 28. Rxd5 cxd5 29. Qxd5+ Kf8 30. Nd7+ Ke7 31. Re1+ Kd8 32. Nf6+ Kc7 33. Nxe8+
Rxe8 34. Rxe8 Qxe8 35. Qe5+ Qxe5 36. dxe5 Kc6 37. c4 a5 38. Kc2 a4 39. Kc3 a3
40. bxa3 Kd7 41. Kd4 Ke7 42. Kd5 Kf7 43. Kd6 Kf8 44. e6 Kg8 45. e7 Kh7 46. Ke6
Kh8 47. e8=Q+ Kh7 48. Qd7 Kh8 49. Kf7 Kh7 50. f4 Kh8 51. Qe8+ Kh7 52. Qg8#
{Black checkmated} 1-0

[Event "Team 45 45 League T95"]
[Site "Internet Chess Club"]
[Date "2023.02.11"]
[Round "5"]
[White "fireball"]
[Black "DaveTheRook"]
[Result "1/2-1/2"]
[WhiteElo "1499"]
[BlackElo "1428"]
[Opening "Pirc: Austrian attack, 6.Bd3"]
[ECO "B06"]
[Time "15:01:52"]
[PlyCount "44"]
[TimeControl "2700+45"]

1. e4 g6 2. d4 Bg7 3. f4 d6 4. Nf3 Nf6 5. Bd3 O-O 6. Nc3 c6 7. e5 dxe5 8. dxe5
Nd5 9. Nxd5 Qxd5 10. O-O Bg4 11. h3 Bxf3 12. Rxf3 Na6 13. Qe2 Rfd8 14. Be3 Nb4
15. Bc4 Qa5 16. Kh1 Nd5 17. Bd2 Qb6 18. Bb3 e6 19. Qe1 a5 20. a4 Rd7 21. c4 Nb4
22. Be3 Qd8 {Game drawn by mutual agreement} 1/2-1/2

[Event "Team 45 45 League T95"]
[Site "Internet Chess Club"]
[Date "2023.02.12"]
[Round "5"]
[White "clarinetref"]
[Black "hewdondada"]
[Result "1-0"]
[WhiteElo "1501"]
[BlackElo "1583"]
[Opening "Scandinavian (center counter) defense"]
[ECO "B01"]
[Time "10:08:56"]
[PlyCount "71"]
[TimeControl "2700+45"]

1. e4 d5 2. exd5 Qxd5 3. Nc3 Qa5 4. Bc4 Nf6 5. Nge2 Bf5 6. d3 c6 7. Bd2 Qc7 8.
Bg5 Nbd7 9. Qd2 e6 10. O-O-O Bd6 11. h3 a5 12. Nd4 Bg6 13. Bxe6 Be5 14. Bxd7+
Nxd7 15. Rhe1 O-O 16. Nf3 Bf6 17. Bf4 Qc8 18. Ne4 Bxe4 19. Rxe4 b5 20. Rde1 Nb6
21. Bd6 Na4 22. Be5 Bxe5 23. Rxe5 Qd7 24. b3 Nb6 25. Qe3 Nd5 26. Qc5 h6 27. Nd4
Rfd8 28. Qxc6 b4 29. Qxd7 Rxd7 30. Re8+ Rxe8 31. Rxe8+ Kh7 32. Ne2 Nf6 33. Re5
Ra7 34. Nd4 a4 35. Nc6 Rb7 36. bxa4 {Black resigns} 1-0

[Event "Team 45 45 League T95"]
[Site "Internet Chess Club"]
[Date "2023.02.10"]
[Round "5"]
[White "WillC"]
[Black "Electryon"]
[Result "1-0"]
[WhiteElo "1572"]
[BlackElo "1476"]
[Opening "Dutch: Staunton gambit"]
[ECO "A82"]
[Time "15:00:55"]
[PlyCount "59"]
[TimeControl "2700+45"]

1. d4 f5 2. e4 fxe4 3. f3 d5 4. fxe4 dxe4 5. Qh5+ g6 6. Qe5 Nf6 7. Nc3 Nc6 8.
Bb5 Qd6 9. Bxc6+ bxc6 10. Bf4 Bg7 11. Qg5 Qxd4 12. Nge2 Qb6 13. O-O-O O-O 14.
Be5 Rb8 15. b3 Qb4 16. Bxc7 Qa3+ 17. Kb1 Rb7 18. Qa5 Qxa5 19. Bxa5 Bg4 20. h3
Bxe2 21. Nxe2 Rb5 22. Bc3 Nd5 23. Bxg7 Kxg7 24. c4 Ra5 25. cxd5 cxd5 26. Rhf1
Rf6 27. Kb2 Kf7 28. a3 Ke6 29. b4 Rb5 30. Nd4+ {Black resigns} 1-0

[Event "Team 45 45 League T95"]
[Site "Internet Chess Club"]
[Date "2023.02.12"]
[Round "5"]
[White "DaveTheRook"]
[Black "evan7284"]
[Result "1/2-1/2"]
[WhiteElo "1434"]
[BlackElo "1550"]
[Opening "King's Indian: Sämisch, 5...O-O"]
[ECO "E81"]
[Time "14:30:31"]
[PlyCount "102"]
[TimeControl "2700+45"]

1. d4 Nf6 2. c4 g6 3. Nc3 Bg7 4. e4 d6 5. f3 O-O 6. Be3 Nbd7 7. Qd2 c5 8. Nge2
a6 9. Bh6 Qc7 10. Bxg7 Kxg7 11. d5 Ne5 12. Nc1 Bd7 13. Nd3 Nxc4 14. Qc1 b5 15.
b3 Nb6 16. Be2 Rac8 17. O-O c4 18. bxc4 Nxc4 19. Nd1 Qb6+ 20. Kh1 Ne5 21. Qe3
Qxe3 22. Nxe3 Nxd3 23. Bxd3 Rc3 24. Rad1 Rfc8 25. Rfe1 Ra3 26. Rd2 Rcc3 27. Red1
Ne8 28. Kg1 Kf8 29. Kf2 f6 30. Nf1 Ng7 31. Ng3 f5 32. exf5 Bxf5 33. Nxf5 Nxf5
34. Bxf5 gxf5 35. f4 a5 36. Ke2 b4 37. g3 a4 38. Rb1 b3 39. axb3 Rcxb3 40. Rdb2
Re3+ 41. Kf2 Rab3 42. Rxb3 Rxb3 43. Rc1 a3 44. Rc8+ Kf7 45. Ra8 Rb2+ 46. Kf3 a2
47. h3 Kf6 48. Rf8+ Kg6 49. Rg8+ Kf7 50. Ra8 h5 51. h4 e6 {Game drawn by mutual
agreement} 1/2-1/2

[Event "Team 45 45 League T95"]
[Site "Internet Chess Club"]
[Date "2023.02.13"]
[Round "5"]
[White "BrerRabbit"]
[Black "herrahuu"]
[Result "1/2-1/2"]
[WhiteElo "1318"]
[BlackElo "1467"]
[Opening "Old Benoni defense"]
[ECO "A43"]
[Time "11:03:29"]
[PlyCount "105"]
[TimeControl "2700+45"]

1. d4 c5 2. d5 Nf6 3. Nc3 e6 4. e4 d6 5. Bc4 exd5 6. exd5 Be7 7. Nf3 O-O 8. O-O
a6 9. a4 Nbd7 10. Re1 Rb8 11. Bg5 h6 12. Bh4 g5 13. Bg3 Nh5 14. Qd2 f5 15. h3
Nxg3 16. fxg3 Bf6 17. Rad1 Ne5 18. Nxe5 Bxe5 19. Kh2 f4 20. Rxe5 dxe5 21. d6+
Kh7 22. d7 Bxd7 23. Qxd7+ Qxd7 24. Rxd7+ Kg6 25. g4 f3 26. Bd3+ Kf6 27. gxf3 Rf7
28. Rxf7+ Kxf7 29. Ne4 Ke6 30. Nxc5+ Kd5 31. Nxb7 Rf8 32. Kg2 Kd4 33. Be4 Rf6
34. Na5 Rb6 35. b3 Kc3 36. Nc4 Re6 37. Kf2 Re7 38. Ke2 Re6 39. Ke3 Re7 40. Ke2
Re6 41. Bd3 Re7 42. Ke3 Re6 43. Ke4 Rf6 44. Ke3 Re6 45. Ke4 Rf6 46. Nxe5 Rf4+
47. Ke3 Rb4 48. Bxa6 Kxc2 49. Bc4 Kc3 50. Nf7 Rb6 51. Ne5 Kb4 52. Ke4 Rf6 53.
Nd3+ {Game drawn by mutual agreement} 1/2-1/2

[Event "Team 45 45 League T95"]
[Site "Internet Chess Club"]
[Date "2023.02.12"]
[Round "5"]
[White "ARMAND02019"]
[Black "jonesey"]
[Result "1-0"]
[WhiteElo "1610"]
[BlackElo "1871"]
[Opening "Queen's Pawn"]
[ECO "E67"]
[Time "18:02:36"]
[PlyCount "111"]
[TimeControl "2700+45"]

1. d4 d6 2. Nf3 Nd7 3. g3 g6 4. Bg2 Bg7 5. O-O Ngf6 6. c4 O-O 7. Nc3 c6 8. e4
Qc7 9. Bg5 h6 10. Be3 e5 11. d5 Nb6 12. Qe2 Ng4 13. Bd2 Bd7 14. Rac1 a5 15. a4
Kh7 16. h3 Nf6 17. Ne1 Nh5 18. Kh2 Rae8 19. b3 Nc8 20. Nd3 Ne7 21. f4 exf4 22.
Nxf4 Nxf4 23. Bxf4 g5 24. Bd2 Be5 25. Qd3 Qd8 26. Ne2 Ng6 27. Rf2 g4 28. Qe3 Bg7
29. h4 Ne5 30. Rcf1 f5 31. Nf4 Nf3+ 32. Bxf3 gxf3 33. Rxf3 fxe4 34. R3f2 c5 35.
Nh5 Qe7 36. Rxf8 Rxf8 37. Rxf8 Bxf8 38. Bxa5 Qe5 39. Nf4 Qb2+ 40. Bd2 Qe5 41.
Bc3 Qf5 42. Bb2 Bg7 43. Bxg7 Kxg7 44. Qc3+ Kh7 45. a5 Qf7 46. b4 cxb4 47. Qxb4
Bg4 48. Qxd6 e3 49. Qe5 e2 50. Kg2 Qf8 51. Qe4+ Kg7 52. Nxe2 h5 53. Nf4 Qa3 54.
Ne6+ Bxe6 55. dxe6 Kf6 56. e7 {Black resigns} 1-0

[Event "Team 45 45 League T95"]
[Site "Internet Chess Club"]
[Date "2023.02.10"]
[Round "5"]
[White "ghowell"]
[Black "jfkingiii"]
[Result "1-0"]
[WhiteElo "1628"]
[BlackElo "1508"]
[Opening "Petrov's defense"]
[ECO "C42"]
[Time "18:30:47"]
[PlyCount "61"]
[TimeControl "2700+45"]

1. e4 e5 2. Nf3 Nf6 3. Nxe5 d6 4. Nf3 Nxe4 5. Bc4 d5 6. Be2 Be7 7. d3 Nf6 8. Be3
O-O 9. O-O c5 10. d4 cxd4 11. Nxd4 Nc6 12. c4 Nxd4 13. Qxd4 Be6 14. Bf3 b6 15.
Rd1 Bc5 16. Qd2 Rc8 17. cxd5 Bxe3 18. fxe3 Bf5 19. Nc3 Re8 20. Re1 Ne4 21. Qd4
Nxc3 22. bxc3 Qe7 23. e4 Bd7 24. e5 Qc5 25. Rac1 Kf8 26. Qxc5+ Rxc5 27. c4 Rec8
28. e6 fxe6 29. Bg4 Ke7 30. Bxe6 Rxc4 31. d6+ {Black resigns} 1-0

[Event "Team 45 45 League T95"]
[Site "Internet Chess Club"]
[Date "2023.02.14"]
[Round "5"]
[White "kabindra"]
[Black "keithuws1"]
[Result "0-1"]
[WhiteElo "1704"]
[BlackElo "1327"]
[Opening "two knights: Max Lange attack, Steinitz variation"]
[ECO "C55"]
[Time "16:00:25"]
[PlyCount "24"]
[TimeControl "2700+45"]

1. e4 e5 2. Bc4 Nf6 3. d4 exd4 4. Nf3 Nc6 5. O-O Bc5 6. e5 Ng4 7. Bf4 d6 8. Re1
O-O 9. exd6 Bxd6 10. Bg5 Bxh2+ 11. Kh1 Nxf2+ 12. Kxh2 Qd6+ {White resigns} 0-1

[Event "Team 45 45 League T95"]
[Site "Internet Chess Club"]
[Date "2023.02.11"]
[Round "5"]
[White "natalieH"]
[Black "jjmolina1"]
[Result "0-1"]
[WhiteElo "1112"]
[BlackElo "1543"]
[Opening "Bird's opening"]
[ECO "A03"]
[Time "10:04:35"]
[PlyCount "68"]
[TimeControl "2700+45"]

1. f4 d5 2. Nf3 Nf6 3. d4 e6 4. e3 c5 5. Be2 Nc6 6. Nc3 cxd4 7. Nxd4 Bb4 8. Bd2
Bxc3 9. Bxc3 Ne4 10. O-O Nxc3 11. bxc3 Bd7 12. Rb1 b6 13. c4 Nxd4 14. Qxd4 Qf6
15. Qd3 dxc4 16. Qxc4 Rc8 17. Qd3 Qc3 18. Rfc1 Qxd3 19. Bxd3 O-O 20. Rd1 Ba4 21.
Rbc1 Rc3 22. Rd2 g6 23. Kh1 Rfc8 24. e4 R8c7 25. f5 exf5 26. exf5 Kg7 27. fxg6
hxg6 28. h3 Rd7 29. Rcd1 Rdc7 30. Rc1 b5 31. Kh2 a5 32. Rb1 b4 33. Rb2 R7c5 34.
Rf2 Rc7 {White resigns} 0-1

[Event "Team 45 45 League T95"]
[Site "Internet Chess Club"]
[Date "2023.02.10"]
[Round "5"]
[White "elmaestro"]
[Black "VictorRed"]
[Result "0-1"]
[WhiteElo "1563"]
[BlackElo "1625"]
[Opening "Sicilian: accelerated fianchetto, modern variation"]
[ECO "B34"]
[Time "19:10:53"]
[PlyCount "72"]
[TimeControl "2700+45"]

1. e4 c5 2. Nf3 Nc6 3. d4 cxd4 4. Nxd4 g6 5. Nc3 Bg7 6. Be3 a6 7. Be2 e5 8. Nb3
Nge7 9. O-O O-O 10. a3 d6 11. f4 Be6 12. g4 exf4 13. Bxf4 Ne5 14. Nd5 Nxd5 15.
exd5 Bd7 16. Be3 Rc8 17. Nd2 Re8 18. Bd4 Qh4 19. Rf4 Bh6 20. Bxe5 dxe5 21. Nf3
Qe7 22. Re4 Bf4 23. d6 Qf6 24. h3 Re6 25. g5 Bxg5 26. Nxg5 Qxg5+ 27. Rg4 Qe3+
28. Kh2 Rf6 29. Rg2 Qxh3+ 30. Kg1 Bc6 31. Bf1 Qe3+ 32. Kh2 Rf4 33. Qh5 Bxg2 34.
d7 Rd8 35. Qg5 Qh3+ 36. Kg1 Qh1# {White checkmated} 0-1